 Dungeon Crawl Stone Soup version 0.25-a0-251-g572059c536 (webtiles) character file.

Game seed: 17992337701832073093, levelgen mode: classic

204 Borgoz the Skirmisher (level 5, -1/34 HPs)
             Began as a Gargoyle Fighter on Dec 4, 2019.
             Killed from afar by an orc wizard (10 damage)
             ... with a magic dart
             ... on level 4 of the Dungeon.
             The game lasted 00:04:27 (3307 turns).

Borgoz the Skirmisher (Gargoyle Fighter)            Turns: 3307, Time: 00:04:28

Health: -1/34      AC: 13    Str: 26    XL:     5   Next: 82%
Magic:  5/5        EV:  8    Int:  8    God:
Gold:   115        SH:  9    Dex:  9    Spells: 4/4 levels left

rFire    . . .     SeeInvis .   a - +0 long sword
rCold    . . .     Gourm    .   c - +0 shield
rNeg     + . .     Faith    .   o - +0 ring mail (curse)
rPois    ∞         Spirit   .   i - +2 hat
rElec    +         Reflect  .   (no cloak)
rCorr    .         Harm     .   m - +0 pair of gloves
MR       .....                  (no boots)
Stlth    ..........             (no amulet)
HPRegen  0.11/turn              (no ring)
MPRegen  0.09/turn              (no ring)

@: mighty
A: negative energy resistance 1, electricity resistance, unbreathing,
petrification resistance, rot immunity, AC +4
a: no special abilities


You were on level 4 of the Dungeon.
You were very hungry.

You visited 2 branches of the dungeon, and saw 5 of its levels.

You collected 115 gold pieces.

Inventory:

Hand Weapons
 a - a +0 long sword (weapon)
Armour
 c - a +0 shield (worn)
 i - a +2 hat (worn)
 m - a +0 pair of gloves (worn)
 o - a cursed +0 ring mail (worn)
Jewellery
 b - an uncursed ring of ice
Scrolls
 g - 3 scrolls of remove curse
 j - a scroll of amnesia {unknown}
 r - 2 scrolls of teleportation {unknown}
 s - a scroll of magic mapping {unknown}
 u - a scroll of blinking {unknown}
 v - a scroll of identify
Potions
 d - a potion of flight {unknown}
 e - a potion of invisibility {unknown}
 h - a potion of might
 l - a potion of berserk rage {unknown}
 n - a potion of degeneration {unknown}
 p - a potion of resistance {unknown}
 q - 2 potions of brilliance
 t - a potion of curing {unknown}
Comestibles
 f - 6 rations


   Skills:
 + Level 4.4 Fighting
 * Level 4.0 Long Blades
 + Level 4.4 Armour
 - Level 3.2 Shields


You had 4 spell levels left.
You didn't know any spells.
Your spell library was empty.

Dungeon Overview and Level Annotations

Branches:
Dungeon (4/15)             Temple (1/1) D:4

Altars:
Cheibriados
Dithmenos
Fedhas
Hepliaklqana
Kikubaaqudgha
Makhleb
Qazlal
Ru
Sif Muna
Trog
Uskayaw
Vehumet
Wu Jian
Xom
Yredelemnul
Zin
The Shining One

Shops:
D:3 *


Innate Abilities, Weirdness & Mutations

You are resistant to torment.
Your stone body is resilient. (AC +4)
You are immune to poison.
You resist negative energy. (rN+)
You are resistant to electric shocks. (rElec)
You can survive without breathing.
You are immune to petrification.
You are immune to rotting.


Message History

The orc wizard points at you and mumbles some strange words.
The magic dart hits you!
You closely miss the orc.
The orc is moderately wounded.
You hear some strange, mumbled words.
A magic dart appears from out of thin air!
The magic dart hits you! The orc barely misses you.
The orc hits you but does no damage.
The orc wizard mumbles some strange words.
The orc wizard blinks!
You hear some strange, mumbled words.
A puff of flame appears from out of thin air!
The puff of flame hits you.
You feel very mighty all of a sudden. You block the orc's attack.
The orc hits you.
* * * LOW HITPOINT WARNING * * *
You hear some strange, mumbled words.
A magic dart appears from out of thin air!
The magic dart hits you!
You die...

. ### ... #..
...###.#
...#.##
.....# #
#.#..#
#.#.#..#
#.#.#o{#
#....o@#
#..#..§# #
#....##...#.#
# #.#>.
#.#.#o# #
#......###..#
# #.....#
##.# #. #
#...#. ##.##
#.# # #....
#...# #.####
#..# #.##.# #
#.....


You could see an orc wizard and 2 orcs.

Vanquished Creatures
  A hound (D:4)
  A killer bee zombie (D:2)
  A hound skeleton (D:4)
  A gnoll (D:1)
  3 adders (D:2)
  3 worms (D:2)
  5 dart slugs
  5 orcs (D:3)
  A ball python (D:1)
  5 bats
  3 giant cockroaches
  8 goblins
  14 hobgoblins
  6 jackals (D:3)
  4 quokkas
  5 frilled lizards
  9 kobolds
  8 rats
83 creatures vanquished.

Notes
Turn   | Place    | Note
-------+----------+-------------------------------------------
     0 | D:1      | Borgoz the Gargoyle Fighter began the quest for the Orb.
     0 | D:1      | Reached XP level 1. HP: 14/14 MP: 1/1
   119 | D:1      | Reached XP level 2. HP: 6/19 MP: 2/2
   479 | D:1      | Reached XP level 3. HP: 23/23 MP: 3/3
   991 | D:1      | You fall into a shaft and drop 1 floor!
  1031 | D:2      | Reached XP level 4. HP: 14/29 MP: 4/4
  2011 | D:2      | Reached XP level 5. HP: 33/33 MP: 5/5
  2117 | D:2      | Found a snail-covered altar of Cheibriados.
  2216 | D:3      | Found a hide-covered altar of Uskayaw.
  2298 | D:3      | Found a shimmering altar of Xom.
  2298 | D:3      | Found a basalt altar of Yredelemnul.
  2353 | D:3      | Found Zin's Purification Station.
  2380 | D:3      | Found a glowing silver altar of Zin.
  3007 | D:4      | Found a staircase to the Ecumenical Temple.
  3022 | Temple   | Entered the Ecumenical Temple
  3307 | D:4      | Killed from afar by an orc wizard

Levels and vault maps discovered:
D:1:      wander_arrival_fairy_ring, layout_loops_corners, minmay_crystal_room,
          minmay_pentomino_t4
D:2:      layout_rooms, lemuel_doored_altar, serial_forest,
          infiniplex_forest_lined_1, infiniplex_forest_pool,
          infiniplex_forest_fountain, infiniplex_forest_straight_4,
          infiniplex_forest_straight_2, infiniplex_forest_straight_4,
          infiniplex_forest_lined_3, infiniplex_forest_straight_3,
          infiniplex_forest_lined_2, infiniplex_forest_lined_1, first_ration
D:3:      layout_basic, zin_purify, eat_drink_and_be_merry_uskayaw,
          gammafunk_temple_overflow_elements
D:4:      layout_loops_ring, minmay_temple_entry_waves
Temple:   minmay_temple_bridge_abc

Skill      XL: |  1  2  3  4  5 |
---------------+----------------+-----
Long Blades    | 2 3 4 |  4.0
Fighting       | 4 |  4.4
Armour         | 4 |  4.4
Shields        | |  3.2

Action                   |  1- 3 |  4- 6 || total
-------------------------+-------+-------++-------
Melee: Long sword        |   101 |   208 ||   309
  Use: Potion            |     1 |     2 ||     3
       Scroll            |       |     3 ||     3
  Eat: Chunk             |       |     7 ||     7
Armor: Scale mail        |    78 |    42 ||   120
       Ring mail         |       |    82 ||    82
Dodge: Dodged            |    38 |    93 ||   131
Block: Shield            |    85 |   115 ||   200
       Rpst.: Long sword |    11 |    25 ||    36

Table legend:
 A = Non-vault XP
 B = Vault XP
 C = Vault XP percentage of total XP
 D = Non-vault monster count
 E = Vault monster count
 F = Vault count percentage of total count
                 A         B        C        D         E       F
            +---------+---------+-------+---------+---------+-------
      Total |     285 |       7 |   2.4 |      79 |       4 |   4.8
            +---------+---------+-------+---------+---------+-------
        D:1 |      55 |       7 |  11.3 |      24 |       4 |  14.3
        D:2 |     127 |       0 |   0.0 |      32 |       0 |   0.0
        D:3 |      38 |       0 |   0.0 |      19 |       0 |   0.0
        D:4 |      65 |       0 |   0.0 |       4 |       0 |   0.0
            +---------+---------+-------+---------+---------+-------
